 Dungeon Crawl Stone Soup version 0.27.1-33-g824d729ab1 (webtiles) character file.

Game seed: 2422909967132368514

74 lonewolfV2 the Chopper (level 4, -1/34 HPs)
             Began as a Demonspawn Gladiator on Dec 16, 2021.
             Slain by a gnoll (4 damage)
             ... on level 2 of the Dungeon.
             The game lasted 00:02:09 (1249 turns).

lonewolfV2 the Chopper (Demonspawn Gladiator)       Turns: 1249, Time: 00:02:10

Health: -1/34      AC:  6    Str: 14    XL:     4   Next: 9%
Magic:  4/4        EV:  8    Int: 10    God:
Gold:   58         SH: 12    Dex: 15    Spells: 3/3 levels left

rFire    . . .     SeeInvis .   a - +0 war axe
rCold    . . .     Faith    .   e - +1 tower shield
rNeg     . . .     Spirit   .   b - +0 leather armour
rPois    .         Reflect  .   (helmet restricted)
rElec    .         Harm     .   (no cloak)
rCorr    .         Rampage  .   (no gloves)
Will     .....                  (no boots)
Stlth    +.........             (no amulet)
HPRegen  0.11/turn              (no ring)
MPRegen  0.09/turn              (no ring)

@: no status effects
A: antennae 1, icy blue scales 2
a: no special abilities


You were on level 2 of the Dungeon.
You visited 1 branch of the dungeon, and saw 2 of its levels.

You collected 58 gold pieces.

Inventory:

Hand Weapons
 a - a +0 war axe (weapon)
Missiles
 d - 3 throwing nets (quivered)
Armour
 b - a +0 leather armour (worn)
 c - a +0 helmet
 e - a +1 tower shield (worn)
Scrolls
 f - a scroll of identify
Potions
 g - a potion of flight
 h - a potion of heal wounds


   Skills:
 + Level 2.3 Fighting
 + Level 3.3 Axes
 + Level 2.0 Throwing
 + Level 0.6 Armour
 + Level 3.3 Dodging
 + Level 0.1 Stealth
 + Level 0.8 Shields


You had 3 spell levels left.
You didn't know any spells.
Your spell library was empty.

Dungeon Overview and Level Annotations

Branches:
Dungeon (2/15)

Altars:


Innate Abilities, Weirdness & Mutations

You have a pair of small antennae on your head.
You are mostly covered in icy blue scales. (AC +3)


Message History

You block the gnoll's attack.
Your shield and leather armour prevent you from hitting the gnoll.
The gnoll shouts!
You block the gnoll's attack.
You closely miss the gnoll. The gnoll barely misses you.
The gnoll hits you with a +0 club. You block the gnoll's attack.
The gnoll barely misses you.
You slash the gnoll!
The gnoll is severely wounded.
The gnoll barely misses you. x2; You block the gnoll's attack.
The gnoll hits you but does no damage.
You hit the gnoll.
You kill the gnoll!
You block the gnoll's attack. x2
You have reached level 4!
You feel clever.
Your demonic ancestry asserts itself...
Icy blue scales spread over more of your body.
You block the gnoll's attack.
The gnoll hits you from afar with a +0 spear.
Things that are here:
a +0 club; a gnoll corpse You barely miss the gnoll.
The gnoll hits you with a +0 spear.
The gnoll hits you from afar with a +0 spear.
The gnoll hits you with a +0 spear.
The gnoll hits you from afar with a +0 spear.
You barely miss the gnoll. The gnoll hits you with a +0 spear.
The gnoll hits you from afar with a +0 spear.
The gnoll hits you with a +0 spear.
The gnoll hits you from afar with a +0 spear.
* * * LOW HITPOINT WARNING * * *
You hit the gnoll.
The gnoll is lightly wounded.
The gnoll hits you with a +0 spear.
* * * LOW HITPOINT WARNING * * *
You block the gnoll's attack. x2
You slash the gnoll!
The gnoll is severely wounded.
The gnoll barely misses you. You block the gnoll's attack.
The gnoll hits you from afar with a +0 spear.
You die...

..........†......................
###########.#####.#.....###..####
#.# #.#.....# #...... #.#
#.###.### ##.#### #.# ##.# #.#
#.# #.####..###.# #.#
#...........# #.# ######.######
#.# #@# #.# #g# #.# #g# #.# #.#
#.# #.# #.# #.# #.# #.#


You could see 2 gnolls.

Vanquished Creatures
  A jelly (D:2)
  A gnoll (D:2)
  A worm (D:2)
  2 dart slugs
  2 giant cockroaches (D:1)
  4 goblins (D:1)
  3 hobgoblins (D:1)
  A jackal (D:1)
  2 quokkas
  2 ball pythons (D:1)
  4 bats
  A frilled lizard (D:1)
  A kobold (D:2)
  A rat (D:1)
26 creatures vanquished.

Vanquished Creatures (others)
  4 plants (D:1)
4 creatures vanquished.

Grand Total: 30 creatures vanquished

Notes
Turn   | Place    | Note
-------+----------+-------------------------------------------
     0 | D:1      | lonewolfV2 the Demonspawn Gladiator began the quest for the
                  | Orb.
     0 | D:1      | Reached XP level 1. HP: 16/16 MP: 1/1
   125 | D:1      | Gained mutation: You have a pair of small antennae on your
                  | head. [demonic ancestry]
   125 | D:1      | Reached XP level 2. HP: 18/22 MP: 2/2
  1040 | D:2      | Gained mutation: You are partially covered in icy blue
                  | scales. (AC +2) [demonic ancestry]
  1040 | D:2      | Reached XP level 3. HP: 24/27 MP: 3/3
  1245 | D:2      | Gained mutation: You are mostly covered in icy blue scales.
                  | (AC +3) [demonic ancestry]
  1245 | D:2      | Reached XP level 4. HP: 32/34 MP: 4/4
  1249 | D:2      | Slain by a gnoll

Illustrated notes

Levels and vault maps discovered:
D:1:      minmay_arrival_pointy, layout_loops_ring, serial_bayou_lagoon_a,
          minmay_tromino_v7
D:2:      layout_loops_ring, shapermc_ecumenical_altar_mp_urbaneastern,
          kennysheep_doodads, uniq_jessica, uniq_terence

Skill      XL: |  1  2 |
---------------+-------+-----
Throwing       | 2 |  2.0
Dodging        | 3 |  3.3
Axes           | 3 |  3.3
Fighting       | |  2.3
Armour         | |  0.6
Stealth        | |  0.1
Shields        | |  0.8

Action                   |  1- 3 |  4- 6 || total
-------------------------+-------+-------++-------
Melee: War axe           |    73 |     4 ||    77
  Use: Scroll            |     4 |       ||     4
       Potion            |     1 |       ||     1
 Stab: Sleeping          |     1 |       ||     1
Armor: Leather armour    |    39 |       ||    39
Dodge: Dodged            |    43 |     1 ||    44
Block: Tower shield      |    47 |     4 ||    51
